TOP OF THE 1ST |
Newark Bulldogs batting - Pitching for Wilmington Rebels : RHP António Encarnación
|
Pitching: RHP António Encarnación
|
|
Batting: RHB Peter Sexton
|
0-0: Ground out 5-3 (Groundball, 56)
|
Batting: RHB Wilson Flores
|
0-0: Swinging Strike 0-1: Foul Ball, location: 2F 0-2: Ball 1-2: Ground out 6-3 (Groundball, 6)
|
Batting: LHB Gabriel Aragón
|
0-0: Foul Ball, location: 2F 0-1: Foul Ball, location: 2F 0-2: Ball 1-2: Strikes out swinging
|
Top of the 1st over - 0 run(s), 0 hit(s), 0 error(s), 0 left on base; Newark 0 - Wilmington 0 |
BOTTOM OF THE 1ST |
Wilmington Rebels batting - Pitching for Newark Bulldogs : LHP Pedro Orozco
|
Pitching: LHP Pedro Orozco
|
|
Batting: LHB Mario Álvarez
|
0-0: Ball 1-0: Called Strike 1-1: Ground out 4-3 (Groundball, 4)
|
Batting: LHB Larry Smith
|
0-0: Ball 1-0: Called Strike 1-1: Ball 2-1: Swinging Strike 2-2: Strikes out swinging
|
Batting: RHB Remi Eruzione
|
0-0: Ball 1-0: Foul Ball, location: 2F 1-1: Swinging Strike 1-2: Strikes out looking
|
Bottom of the 1st over - 0 run(s), 0 hit(s), 0 error(s), 0 left on base; Newark 0 - Wilmington 0 |
TOP OF THE 2ND |
Newark Bulldogs batting - Pitching for Wilmington Rebels : RHP António Encarnación
|
Batting: RHB Tony Long
|
0-0: SINGLE (Line Drive, 6MD)
|
Batting: LHB Wes Stone
|
0-0: Called Strike 0-1: Ball 1-1: SINGLE (Groundball, 4M) (infield hit) Tony Long to second
|
Batting: RHB Norris Howard
|
0-0: Foul Ball, location: 2F 0-1: DOUBLE (Line Drive, 7LS) Tony Long scores Wes Stone to third
|
Batting: LHB Wes Thompson
|
0-0: Ball 1-0: Called Strike 1-1: Ball 2-1: SINGLE (Groundball, 6D) Wes Stone scores Norris Howard to third
|
Batting: RHB Joe Baker
|
0-0: Ball 1-0: Foul Ball, location: 2F 1-1: SINGLE (Groundball, 34D) Norris Howard scores Wes Thompson to second Runner from 2nd tries for 3rd, SAFE, throw made to third
|
Batting: RHB Stan Simpson
|
0-0: Called Strike 0-1: Called Strike 0-2: Strikes out looking
|
Batting: RHB Peter Sexton
|
0-0: Ball 1-0: 3-RUN HOME RUN (Flyball, 9D), Distance : 392 ft
|
Batting: RHB Wilson Flores
|
0-0: Ball 1-0: Ball 2-0: Swinging Strike 2-1: Ball 3-1: SOLO HOME RUN (Flyball, 7LD), Distance : 357 ft
|
Pitching: RHP Leonardo De La Garza
|
|
Batting: LHB Gabriel Aragón
|
0-0: Called Strike 0-1: SINGLE (Line Drive, 8RS)
|
Batting: RHB Tony Long
|
0-0: Ball 1-0: Ball 2-0: Ball 3-0: Base on Balls Gabriel Aragón to second
|
Batting: LHB Wes Stone
|
0-0: Called Strike 0-1: Swinging Strike 0-2: Ball 1-2: Strikes out swinging
|
Batting: RHB Norris Howard
|
0-0: Ground out 5-3 (Groundball, 56S)
|
Top of the 2nd over - 7 run(s), 8 hit(s), 0 error(s), 2 left on base; Newark 7 - Wilmington 0 |
BOTTOM OF THE 2ND |
Wilmington Rebels batting - Pitching for Newark Bulldogs : LHP Pedro Orozco
|
Batting: RHB Eugene Allen
|
0-0: Ball 1-0: Foul Ball, location: 2F 1-1: Ball 2-1: Swinging Strike 2-2: SINGLE (Line Drive, 89M)
|
Batting: RHB Al Reese
|
0-0: Called Strike 0-1: Ball 1-1: Ball 2-1: Grounds into double play, 6-4-3 (Groundball, 6)
|
Batting: RHB Sergio Moreno
|
0-0: Ball 1-0: Fly out, F3 (Popup, 34)
|
Bottom of the 2nd over - 0 run(s), 1 hit(s), 0 error(s), 0 left on base; Newark 7 - Wilmington 0 |
TOP OF THE 3RD |
Newark Bulldogs batting - Pitching for Wilmington Rebels : RHP Leonardo De La Garza
|
Batting: LHB Wes Thompson
|
0-0: Ball 1-0: Called Strike 1-1: SINGLE (Groundball, 34D)
|
Batting: RHB Joe Baker
|
0-0: Ball Wild Pitch! Wes Thompson to second 1-0: Ball 2-0: Ball 3-0: Called Strike 3-1: Called Strike 3-2: Fly out, F9 (Flyball, 9S)
|
Batting: RHB Stan Simpson
|
0-0: Swinging Strike 0-1: Called Strike 0-2: Strikes out swinging
|
Batting: RHB Peter Sexton
|
0-0: SINGLE (Groundball, 6D) Wes Thompson to third Runner from 3rd tries for Home, SAFE, throw made home Peter Sexton to second
|
Batting: RHB Wilson Flores
|
0-0: Ball 1-0: Foul Ball, location: 2F 1-1: Ground out 5-3 (Groundball, 56S)
|
Top of the 3rd over - 1 run(s), 2 hit(s), 0 error(s), 1 left on base; Newark 8 - Wilmington 0 |
BOTTOM OF THE 3RD |
Wilmington Rebels batting - Pitching for Newark Bulldogs : LHP Pedro Orozco
|
Batting: RHB Jessie Thompson
|
0-0: Ball 1-0: Called Strike 1-1: Foul Ball, location: 2F 1-2: Foul Ball, location: 2F 1-2: Foul Ball, location: 2F 1-2: Ball 2-2: Foul Ball, location: 2F 2-2: Hit by Pitch
|
Batting: RHB Henry Dawson
|
0-0: Foul Ball, location: 2F 0-1: SINGLE (Groundball, 4MD) Jessie Thompson to second
|
Batting: RHB Andrew Deal
|
0-0: Swinging Strike 0-1: Foul Ball, location: 2F 0-2: Ball 1-2: Strikes out swinging
|
Batting: LHB Mario Álvarez
|
0-0: Ball Jessie Thompson steals 3rd base Henry Dawson to second 1-0: Called Strike 1-1: Swinging Strike 1-2: Ball 2-2: Foul Ball, location: 2F 2-2: Strikes out looking
|
Batting: LHB Larry Smith
|
0-0: Called Strike 0-1: Ball 1-1: Ball 2-1: Called Strike 2-2: Ball 3-2: Base on Balls
|
Batting: RHB Remi Eruzione
|
0-0: Called Strike 0-1: Foul Ball, location: 2F 0-2: Ball 1-2: Ball 2-2: Strikes out swinging
|
Bottom of the 3rd over - 0 run(s), 1 hit(s), 0 error(s), 3 left on base; Newark 8 - Wilmington 0 |
TOP OF THE 4TH |
Newark Bulldogs batting - Pitching for Wilmington Rebels : RHP Leonardo De La Garza
|
Batting: LHB Gabriel Aragón
|
0-0: Called Strike 0-1: SOLO HOME RUN (Flyball, 9D), Distance : 380 ft
|
Batting: RHB Tony Long
|
0-0: Foul Ball, location: 2F 0-1: Foul Ball, location: 2F 0-2: Ball 1-2: Ball 2-2: Ball 3-2: Foul Ball, location: 2F 3-2: SOLO HOME RUN (Flyball, 7D), Distance : 392 ft
|
Batting: LHB Wes Stone
|
0-0: Ball 1-0: Swinging Strike 1-1: Ball 2-1: Foul Ball, location: 2F 2-2: Strikes out looking
|
Pitching: RHP Kip Brown
|
|
Batting: RHB Norris Howard
|
0-0: Called Strike 0-1: Fly out, F7 (Flyball, 7)
|
Batting: LHB Wes Thompson
|
0-0: Ball 1-0: Ball 2-0: Called Strike 2-1: Ball 3-1: Foul Ball, location: 2F 3-2: Fly out, F7 (Flyball, 7LD)
|
Top of the 4th over - 2 run(s), 2 hit(s), 0 error(s), 0 left on base; Newark 10 - Wilmington 0 |
BOTTOM OF THE 4TH |
Wilmington Rebels batting - Pitching for Newark Bulldogs : LHP Pedro Orozco
|
Batting: RHB Eugene Allen
|
0-0: Foul Ball, location: 2F 0-1: Ground out 4-3 (Groundball, 4)
|
Batting: RHB Al Reese
|
0-0: Ball 1-0: SINGLE (Groundball, 6MD)
|
Batting: RHB Sergio Moreno
|
0-0: Called Strike 0-1: Foul Ball, location: 2F 0-2: Grounds into double play, 4-6-3 (Groundball, 4)
|
Bottom of the 4th over - 0 run(s), 1 hit(s), 0 error(s), 0 left on base; Newark 10 - Wilmington 0 |
TOP OF THE 5TH |
Newark Bulldogs batting - Pitching for Wilmington Rebels : RHP Kip Brown
|
Batting: RHB Joe Baker
|
0-0: Ground out 6-3 (Groundball, 6D)
|
Batting: RHB Stan Simpson
|
0-0: Ball 1-0: Ball 2-0: Ground out 6-3 (Groundball, 6)
|
Batting: RHB Peter Sexton
|
0-0: Ball 1-0: Foul Ball, location: 2F 1-1: Foul Ball, location: 2F 1-2: Strikes out swinging
|
Top of the 5th over - 0 run(s), 0 hit(s), 0 error(s), 0 left on base; Newark 10 - Wilmington 0 |
BOTTOM OF THE 5TH |
Wilmington Rebels batting - Pitching for Newark Bulldogs : LHP Pedro Orozco
|
Batting: RHB Jessie Thompson
|
0-0: Called Strike 0-1: Ball 1-1: DOUBLE (Groundball, 5L)
|
Batting: RHB Henry Dawson
|
0-0: Called Strike 0-1: Swinging Strike 0-2: Ball 1-2: Ball 2-2: Foul Ball, location: 2F 2-2: Ball 3-2: Strikes out swinging
|
Batting: RHB Andrew Deal
|
0-0: Ball 1-0: Ball 2-0: Swinging Strike 2-1: Ground out 6-3 (Groundball, 6)
|
Batting: LHB Mario Álvarez
|
0-0: DOUBLE (Groundball, 3L) Jessie Thompson scores
|
Batting: LHB Larry Smith
|
0-0: Ball 1-0: Foul Ball, location: 2F 1-1: Swinging Strike 1-2: 2-RUN HOME RUN (Flyball, 8LXD), Distance : 412 ft
|
Batting: RHB Remi Eruzione
|
0-0: Foul Ball, location: 2F 0-1: Ball 1-1: Swinging Strike 1-2: Strikes out swinging
|
Bottom of the 5th over - 3 run(s), 3 hit(s), 0 error(s), 0 left on base; Newark 10 - Wilmington 3 |
TOP OF THE 6TH |
Newark Bulldogs batting - Pitching for Wilmington Rebels : RHP Kip Brown
|
Batting: RHB Wilson Flores
|
0-0: Ball 1-0: Ball 2-0: Ball 3-0: Called Strike 3-1: Called Strike 3-2: Foul Ball, location: 2F 3-2: Strikes out swinging
|
Batting: LHB Gabriel Aragón
|
0-0: Foul Ball, location: 2F 0-1: SINGLE (Groundball, 4MD)
|
Batting: RHB Tony Long
|
0-0: Ball 1-0: Foul Ball, location: 2F 1-1: Ball 2-1: Foul Ball, location: 2F 2-2: Ball 3-2: Foul Ball, location: 2F 3-2: Base on Balls Gabriel Aragón to second
|
Batting: LHB Wes Stone
|
0-0: Foul Ball, location: 2F 0-1: Swinging Strike 0-2: Strikes out swinging
|
Batting: RHB Norris Howard
|
0-0: Ball 1-0: Ball 2-0: Ball 3-0: Called Strike 3-1: Foul Ball, location: 2F 3-2: Ground out 6-3 (Groundball, 6MS)
|
Top of the 6th over - 0 run(s), 1 hit(s), 0 error(s), 2 left on base; Newark 10 - Wilmington 3 |
BOTTOM OF THE 6TH |
Wilmington Rebels batting - Pitching for Newark Bulldogs : LHP Pedro Orozco
|
Batting: RHB Eugene Allen
|
0-0: TRIPLE (Line Drive, 9LS)
|
Batting: RHB Al Reese
|
0-0: Ground out 6-3 (Groundball, 6) Eugene Allen scores
|
Batting: RHB Sergio Moreno
|
0-0: Ball 1-0: Fly out, F9 (Flyball, 9LSF)
|
Batting: RHB Jessie Thompson
|
0-0: Ball 1-0: Fly out, F3 (Line Drive, 3)
|
Bottom of the 6th over - 1 run(s), 1 hit(s), 0 error(s), 0 left on base; Newark 10 - Wilmington 4 |
TOP OF THE 7TH |
Newark Bulldogs batting - Pitching for Wilmington Rebels : RHP Kip Brown
|
Batting: LHB Wes Thompson
|
0-0: Foul Ball, location: 2F 0-1: Ball 1-1: Fly out, F6 (Popup, 6)
|
Batting: RHB Joe Baker
|
0-0: Called Strike 0-1: Ball 1-1: Fly out, F9 (Flyball, 9)
|
Batting: RHB Stan Simpson
|
0-0: Ball 1-0: Ground out U3 (Groundball, 3L)
|
Top of the 7th over - 0 run(s), 0 hit(s), 0 error(s), 0 left on base; Newark 10 - Wilmington 4 |
BOTTOM OF THE 7TH |
Wilmington Rebels batting - Pitching for Newark Bulldogs : LHP Pedro Orozco
|
Batting: RHB Henry Dawson
|
0-0: Called Strike 0-1: SINGLE (Flyball, 8LS)
|
Batting: RHB Andrew Deal
|
0-0: Ball 1-0: Foul Ball, location: 2F 1-1: Ball 2-1: Foul Ball, location: 2F 2-2: Strikes out swinging
|
Pitching: RHP José Gonzáles
|
|
Batting: LHB Mario Álvarez
|
0-0: Called Strike 0-1: Swinging Strike 0-2: Fly out, F9 (Flyball, 9LS)
|
Batting: LHB Larry Smith
|
0-0: Called Strike 0-1: Called Strike Henry Dawson is caught stealing 2nd base
|
Bottom of the 7th over - 0 run(s), 1 hit(s), 0 error(s), 0 left on base; Newark 10 - Wilmington 4 |
TOP OF THE 8TH |
Newark Bulldogs batting - Pitching for Wilmington Rebels : RHP Kip Brown
|
Batting: RHB Peter Sexton
|
0-0: Foul Ball, location: 2F 0-1: SINGLE (Groundball, 5D)
|
Batting: RHB Wilson Flores
|
0-0: Ball 1-0: SINGLE (Groundball, 6MD) Peter Sexton to second
|
Batting: LHB Gabriel Aragón
|
0-0: Swinging Strike 0-1: Swinging Strike 0-2: Ball 1-2: Strikes out swinging
|
Batting: RHB Tony Long
|
0-0: Ball Peter Sexton steals 3rd base Wilson Flores to second 1-0: Ball 2-0: Ball 3-0: Base on Balls
|
Batting: LHB Wes Stone
|
0-0: Swinging Strike 0-1: Foul Ball, location: 2F 0-2: Fly out, F7 (Flyball, 78S)
|
Batting: RHB Norris Howard
|
0-0: Fly out, F7 (Line Drive, 7LM)
|
Top of the 8th over - 0 run(s), 2 hit(s), 0 error(s), 3 left on base; Newark 10 - Wilmington 4 |
BOTTOM OF THE 8TH |
Wilmington Rebels batting - Pitching for Newark Bulldogs : RHP José Gonzáles
|
Batting: LHB Larry Smith
|
0-0: Foul Ball, location: 2F 0-1: Foul Ball, location: 2F 0-2: Ball 1-2: Ball 2-2: Fly out, F6 (Popup, 6D)
|
Batting: RHB Remi Eruzione
|
0-0: Swinging Strike 0-1: Fly out, F8 (Flyball, 8LD)
|
Batting: RHB Eugene Allen
|
0-0: Ball 1-0: Ball 2-0: Called Strike 2-1: Swinging Strike 2-2: Strikes out swinging
|
Bottom of the 8th over - 0 run(s), 0 hit(s), 0 error(s), 0 left on base; Newark 10 - Wilmington 4 |
TOP OF THE 9TH |
Newark Bulldogs batting - Pitching for Wilmington Rebels : RHP Kip Brown
|
Batting: LHB Wes Thompson
|
0-0: Ball 1-0: Ball 2-0: Called Strike 2-1: Ground out 1-3 (Groundball, 15)
|
Batting: RHB Joe Baker
|
0-0: Ball 1-0: Called Strike 1-1: Foul Ball, location: 2F 1-2: SINGLE (Flyball, 9LS)
|
Batting: RHB Stan Simpson
|
0-0: Foul Ball, location: 2F 0-1: Ball 1-1: Fly out, F4 (Line Drive, 4)
|
Batting: RHB Peter Sexton
|
0-0: Ball 1-0: SINGLE (Groundball, 56) (infield hit) Joe Baker to second
|
Batting: RHB Wilson Flores
|
0-0: Ball 1-0: Foul Ball, location: 2F 1-1: Ground out 5-3 (Groundball, 5S)
|
Top of the 9th over - 0 run(s), 2 hit(s), 0 error(s), 2 left on base; Newark 10 - Wilmington 4 |
BOTTOM OF THE 9TH |
Wilmington Rebels batting - Pitching for Newark Bulldogs : RHP José Gonzáles
|
Now at 3B: Juan Martínez
|
|
Batting: RHB Al Reese
|
0-0: Ball 1-0: Foul Ball, location: 2F 1-1: Called Strike 1-2: Ground out 4-3 (Groundball, 4)
|
Batting: RHB Sergio Moreno
|
0-0: Ball 1-0: Ball 2-0: Ball 3-0: Called Strike 3-1: Foul Ball, location: 2F 3-2: Fly out, F9 (Flyball, 9S)
|
Batting: RHB Jessie Thompson
|
0-0: Ball 1-0: Foul Ball, location: 2F 1-1: Ball 2-1: Ball 3-1: Base on Balls
|
Batting: RHB Henry Dawson
|
0-0: Called Strike 0-1: Ball 1-1: Swinging Strike 1-2: Hit by Pitch Jessie Thompson to second
|
Batting: RHB Andrew Deal
|
0-0: Swinging Strike 0-1: Foul Ball, location: 2F 0-2: Strikes out looking
|
Bottom of the 9th over - 0 run(s), 0 hit(s), 0 error(s), 2 left on base; Newark 10 - Wilmington 4 |
|